 Dungeon Crawl Stone Soup version 0.28.0 (webtiles) character file.

Game seed: 3335637966850077200

709 croobank the Conjurer (level 7, -17/46 HPs)
             Began as a Demonspawn Fire Elementalist on Feb 18, 2022.
             Was an Initiate of Hepliaklqana.
             Demolished by an ogre (27 damage)
             ... on level 5 of the Dungeon.
             The game lasted 00:25:26 (4801 turns).

croobank the Conjurer (DsFE)                        Turns: 4801, Time: 00:25:26

Health: -17/46     AC:  7    Str:  8    XL:     7   Next: 40%
Magic:  11/21      EV: 13    Int: 18    God:    Hepliaklqana [......]
Gold:   253        SH:  0    Dex: 14    Spells: 3/13 levels left

rFire   . . .      SeeInvis .   D - +2 flail (protect)
rCold   . . .      Faith    .   (no shield)
rNeg    . . .      Spirit   .   a - +0 robe
rPois   .          Reflect  .   (helmet restricted)
rElec   .          Harm     .   F - +2 cloak
rCorr   .          Rampage  .   (no gloves)
Will    .....                   (no boots)
Stlth   ++........              (no amulet)
HPRegen 0.15/turn               q - ring of magical power
MPRegen 0.17/turn               (no ring)

@: marked
A: antennae 2, yellow scales 1, spiny 1
a: Renounce Religion


You were on level 5 of the Dungeon.
You worshipped Hepliaklqana.
Hepliaklqana was noncommittal.
You visited 2 branches of the dungeon, and saw 8 of its levels.

You collected 253 gold pieces.

Inventory:

Hand Weapons
 d - a +0 quarterstaff
 l - a +0 great mace
 D - a +2 flail of protection (weapon)
 E - a +2 whip of venom
Missiles
 f - 77 sling bullets
 n - 131 stones
 B - 32 arrows
Armour
 a - a +0 robe (worn)
 m - a +0 chain mail of cold resistance
 w - a +0 leather armour
 y - a +0 tower shield
 F - a +2 cloak (worn)
Jewellery
 q - a ring of magical power (left hand)
Wands
 j - a wand of charming (22)
Scrolls
 h - a scroll of enchant armour
 o - a scroll of summoning {unknown}
 p - a scroll of teleportation {unknown}
 r - a scroll of brand weapon {unknown}
 s - a scroll of vulnerability {unknown}
 t - a scroll of immolation {unknown}
 u - a scroll of blinking {unknown}
Potions
 b - 3 potions of curing
 c - 2 potions of brilliance
 e - a potion of magic {unknown}
 i - a potion of degeneration {unknown}
 k - 3 potions of lignification
 v - a potion of might {unknown}
 x - a potion of berserk rage {unknown}
 z - 2 potions of attraction {unknown}
 A - a potion of flight {unknown}
 C - a potion of haste {unknown}


   Skills:
 + Level 3.4 Dodging
 + Level 3.7 Stealth
 + Level 3.6 Spellcasting
 * Level 4.5 Conjurations
 + Level 4.1 Fire Magic


You had 3 spell levels left.
You knew the following spells:

 Your Spells              Type           Power      Damage    Failure   Level
a - Foxfire               Conj/Fire      72%        2x1d7     2%          1
b - Scorch                Fire           36%        2d6       4%          2
c - Flame Wave            Conj/Fire      18%        2d6       26%         4
d - Mephitic Cloud        Conj/Pois/Air  8%         N/A       26%         3

Your spell library contained the following spells:

 Spells                   Type           Power      Damage    Failure   Level
 Conjure Flame            Conj/Fire      18%        6-21      8%          3
 Animate Skeleton         Necr           6%         N/A       16%         1
 Pain                     Necr           12%        1d4       16%         1
 Inner Flame              Hex/Fire       10%        N/A       21%         3
 Ignite Poison            Fire/Tmut/Pois 8%         N/A       26%         3
 Gell's Gravitas          Tloc           3%         N/A       43%         3
 Lesser Beckoning         Tloc           3%         N/A       43%         3
 Teleport Other           Tloc           3%         N/A       43%         3
 Vampiric Draining        Necr           3%         2d6       43%         3
 Freezing Cloud           Conj/Ice/Air   4%         6-21      93%         5


Dungeon Overview and Level Annotations

Branches:
Dungeon (7/15)             Temple (1/1) D:4

Altars:
Ashenzari
Cheibriados
Dithmenos
Elyvilon
Gozag
Hepliaklqana
Kikubaaqudgha
Makhleb
Nemelex Xobeh
Okawaru
Qazlal
Ru
Sif Muna
Trog
Uskayaw
Vehumet
Wu Jian
Xom
Yredelemnul
Zin
The Shining One

Annotations:
D:3 Grinder


Innate Abilities, Weirdness & Mutations

You have a pair of antennae on your head.
You are partially covered in yellow scales. (AC +2)
You are partially covered in sharp spines.


Message History

The gnoll is struck by your spines. The gnoll barely misses you.
You hit the gnoll.
Your weapon exudes an aura of protection.
You kill the gnoll!
The gnoll is struck by your spines. The gnoll barely misses you.
The gnoll hits you with a +0 whip. The gnoll is struck by your spines.
You kill the gnoll!
The gnoll is struck by your spines.
You kill the gnoll!
Your magical contamination has completely faded away.
The gnoll hits you but does no damage.
Things that are here:
a +0 flail; a gnoll corpse
There is an open door here.
You sock the gnoll!
Your weapon exudes an aura of protection.
The gnoll is severely wounded.
The gnoll is struck by your spines. The gnoll hits you with a +0 whip.
The gnoll is struck by your spines.
You kill the gnoll!
Casting: Flame Wave (quite dangerous; 26% risk of failure)
Confirm with . or Enter, or press ? or * to list all spells.
Flames lash the ogre.
The ogre is moderately wounded.
The ogre's fire resistance burns away.
You barely miss the ogre.
The ogre is moderately wounded.
The gnoll hits you from afar with a +0 spear.
The ogre hits you with a +0 giant club!!
Ouch! That really hurt!
* * * LOW HITPOINT WARNING * * *
A gnoll comes into view. It is wielding a +0 club.
The gnoll closely misses you.
You feel much better. The ogre is struck by your spines.
The ogre hits you with a +0 giant club!
* * * LOW HITPOINT WARNING * * *
The gnoll hits you but does no damage.
The ogre hits you with a +0 giant club!!
Ouch! That really hurt!
You die...

......†.......... ...
≈≈≈≈≈≈....≈≈≈≈≈≈≈ ≈≈
≈≈≈≈≈≈....≈≈≈≈≈≈≈ ≈≈
≈≈≈≈≈≈....≈≈≈≈≈≈≈ #####
................. #...
######''''#############..
... #....#.......#...#g#
.....#.)..#).)))).# #..{#
.....'.)..')..).@.#g..#.#
#################O#####g#
.....#....#g.g..go#...).#
.......≈≈.....)g.g#.g.g.#
.......≈≈..o.{.)).#''##.#
.....#....#)...).))...#{#
######....########....#g#
#)[.##...# #....#g#
########## ######.g


You could see an ogre (combustible), a gnoll and an orc.

Vanquished Creatures
  An ogre (D:5)
  A centaur (D:4)
  A water moccasin skeleton (D:3)
  A hound (D:5)
  A centaur skeleton (D:7)
  3 iguanas
  19 gnolls (D:5)
  5 adders
  An adder skeleton (D:4)
  4 worms
  4 dart slugs
  14 orcs
  13 ball pythons
  4 bats
  9 endoplasms
  A giant cockroach (D:2)
  4 goblins
  6 hobgoblins
  9 jackals
  A quokka (D:1)
  2 frilled lizards
  9 kobolds
  2 rats
115 creatures vanquished.

Vanquished Creatures (collateral kills)
  2 foxfires (D:1)
2 creatures vanquished.

Vanquished Creatures (others)
  181 foxfires
  5 fungi (D:1)
  5 plants (D:1)
191 creatures vanquished.

Grand Total: 308 creatures vanquished

Notes
Turn   | Place    | Note
-------+----------+-------------------------------------------
     0 | D:1      | croobank the Demonspawn Fire Elementalist began the quest
                  | for the Orb.
     0 | D:1      | Reached XP level 1. HP: 13/13 MP: 3/3
    86 | D:1      | Found a faded altar of an unknown god.
   191 | D:1      | Gained mutation: You are partially covered in sharp spines.
                  | [demonic ancestry]
   191 | D:1      | Reached XP level 2. HP: 18/19 MP: 0/5
   194 | D:1      | Learned a level 2 spell: Scorch
   840 | D:1      | Gained mutation: You have a pair of small antennae on your
                  | head. [demonic ancestry]
   840 | D:1      | Reached XP level 3. HP: 22/24 MP: 4/6
  1400 | D:2      | Gained mutation: You are partially covered in yellow
                  | scales. (AC +2) [demonic ancestry]
  1400 | D:2      | Reached XP level 4. HP: 21/30 MP: 0/7
  1770 | D:3      | Learned a level 4 spell: Flame Wave
  1971 | D:3      | Reached XP level 5. HP: 34/35 MP: 8/9
  2046 | D:3      | Noticed Grinder
  2474 | D:4      | You fall into a shaft and drop 3 floors!
  2681 | D:5      | Entered Level 5 of the Dungeon
  2846 | D:4      | Found a staircase to the Ecumenical Temple.
  2846 | D:4      | Noticed a centaur
  2854 | D:4      | HP: 1/35 [centaur (5)]
  2856 | D:4      | Killed a centaur
  2857 | D:4      | Gained mutation: You have a pair of antennae on your head.
                  | [demonic ancestry]
  2857 | D:4      | Reached XP level 6. HP: 24/41 MP: 9/10
  2990 | Temple   | Entered the Ecumenical Temple
  3134 | Temple   | Became a worshipper of Hepliaklqana the Forgotten
  3873 | D:4      | Learned a level 3 spell: Mephitic Cloud
  4374 | D:5      | Reached XP level 7. HP: 46/46 MP: 11/12
  4801 | D:5      | Demolished by an ogre

Illustrated notes

Levels and vault maps discovered:
D:1:      nzn_arrival_settlement, layout_basic, serial_glass, glass_columns_a,
          glass_columns_c, shapermc_ecumenical_altar_mp_urbaneastern,
          minmay_box_of_dots
D:2:      layout_rooms
D:3:      layout_loops_ring, corner_web_ring, uniq_grinder
D:4:      layout_loops_ring, minmay_temple_entry_hall
D:5:      lemuel_castle_with_subvaults [lemuel_castle_interior_carwin_3],
          layout_layer_cave, lightli_corner_chamber
D:6:      layout_basic, uniq_pikel
D:7:      layout_layer_cave, minmay_shop_damaged, minivault_22,
          minmay_misc_feat_columns
Temple:   mainiacjoe_temple_trianglar_array

Skill      XL: |  1  2  3  4  5  6  7 |
---------------+----------------------+-----
Stealth        | 2 3 |  3.7
Dodging        | 2 3 |  3.4
Fire Magic     | 3 4 |  4.1
Conjurations   | 2 3 4 |  4.5
Spellcasting   | 3 |  3.6

Action                   |  1- 3 |  4- 6 |  7- 9 || total
-------------------------+-------+-------+-------++-------
Melee: Unarmed           |     3 |       |       ||     3
       Quarterstaff      |    11 |    23 |     6 ||    40
       Flail             |       |       |    12 ||    12
 Cast: Foxfire           |    42 |    41 |    22 ||   105
       Scorch            |     6 |    34 |    12 ||    52
       Flame Wave        |       |       |     1 ||     1
  Use: Scroll            |       |     6 |       ||     6
       Potion            |       |     1 |     2 ||     3
 Stab: Sleeping          |     1 |     2 |       ||     3
Armor: Robe              |     3 |     8 |    12 ||    23
Dodge: Dodged            |    15 |    39 |    13 ||    67
